 Dungeon Crawl Stone Soup version 0.27.0-1-g7a089689b8 (webtiles) character file.

Game seed: 17689227545432906471

72 Strat the Ruffian (level 4, -1/37 HPs)
             Began as a Ghoul Arcane Marksman on Aug 5, 2021.
             Slain by an orc (3 damage)
             ... on level 2 of the Dungeon.
             The game lasted 00:03:39 (2604 turns).

Strat the Ruffian (Ghoul Arcane Marksman)           Turns: 2604, Time: 00:03:40

Health: -1/37      AC:  8    Str: 14    XL:     4   Next: 25%
Magic:  4/4        EV:  8    Int:  8    God:
Gold:   71         SH:  0    Dex:  9    Spells: 4/5 levels left

rFire    + + .     SeeInvis .     - Unarmed
rCold    . . .     Faith    .   (no shield)
rNeg     + + +     Spirit   .   i - +0 fire dragon scales
rPois    ∞         Reflect  .   (no helmet)
rElec    .         Harm     .   (no cloak)
rCorr    .         Rampage  .   (no gloves)
Will     .....                  (no boots)
Stlth    ..........             (no amulet)
HPRegen  0.00/turn              (no ring)
MPRegen  0.09/turn              (no ring)

@: inhibited regen
A: claws 1, cold resistance 1, negative energy resistance 3, inhibited
regeneration, torment resistance 2
a: no special abilities


You were on level 2 of the Dungeon.
You visited 1 branch of the dungeon, and saw 3 of its levels.

You collected 71 gold pieces.

Inventory:

Hand Weapons
 b - a +0 hunting sling
Missiles
 c - 2 throwing nets
 f - 5 javelins (quivered)
 g - 6 stones
Armour
 a - a +0 robe
 h - a +0 scale mail
 i - +0 fire dragon scales (worn)
Scrolls
 d - 3 scrolls of identify {unknown}
 e - a scroll of fear {unknown}
 j - 3 scrolls of blinking {unknown}
 k - a scroll of fog {unknown}
 n - a scroll of magic mapping {unknown}
 o - a scroll of amnesia {unknown}
 p - a scroll of teleportation {unknown}
 q - a scroll of enchant weapon {unknown}
Potions
 l - a potion of heal wounds {unknown}
 m - a potion of brilliance {unknown}


   Skills:
 + Level 2.5 Fighting
 - Level 1.7 Throwing
 - Level 1.7 Dodging
 * Level 3.3 Unarmed Combat
 - Level 1.0 Spellcasting
 - Level 2.4 Hexes


You had 4 spell levels left.
You knew the following spells:

 Your Spells              Type           Power      Damage    Failure   Level
a - Corona                Hex            4%         N/A       67%         1

Your spell library contained the following spells:

 Spells                   Type           Power      Damage    Failure   Level
 Slow                     Hex            4%         N/A       80%         2
 Passwall                 Tmut/Erth      0%         N/A       98%         2
 Inner Flame              Hex/Fire       2%         N/A       99%         3
 Portal Projectile        Hex/Tloc       4%         N/A       99%         3
 Swiftness                Air            0%         N/A       100%        3
 Cause Fear               Hex            2%         N/A       100%        4
 Invisibility             Hex            2%         N/A       100%        6


Dungeon Overview and Level Annotations

Branches:
Dungeon (3/15)

Altars:
Yredelemnul


Innate Abilities, Weirdness & Mutations

You thrive by killing the living.
You are immune to poison.
You have sharp fingernails.
Your flesh is cold resistant. (rC+)
You are immune to negative energy. (rN+++)
You do not regenerate when monsters are visible.
You are immune to unholy pain and torment.


Message History

The orc is almost dead.
The orc hits you with a +0 flail of protection.
* * * LOW HITPOINT WARNING * * *
You barely miss the orc.
The orc is almost dead.
The orc hits you with a +0 flail of protection.
* * * LOW HITPOINT WARNING * * *
You barely miss the orc.
The orc is almost dead.
The orc hits you but does no damage.
You closely miss the orc.
The orc is almost dead.
The orc hits you but does no damage.
You scratch the orc but do no damage.
The orc is almost dead.
The orc barely misses you.
You scratch the orc but do no damage.
The orc is almost dead.
The orc barely misses you.
You scratch the orc but do no damage.
The orc is almost dead.
The orc hits you but does no damage.
You closely miss the orc.
The orc is almost dead.
The orc closely misses you.
You scratch the orc but do no damage.
The orc is almost dead.
The orc hits you but does no damage.
You scratch the orc but do no damage.
The orc is almost dead.
The orc hits you with a +0 flail of protection.
* * * LOW HITPOINT WARNING * * *
You closely miss the orc.
The orc is almost dead.
The orc hits you with a +0 flail of protection.
* * * LOW HITPOINT WARNING * * *
You closely miss the orc.
The orc is almost dead.
The orc hits you with a +0 flail of protection.
You die...

.........###..#.# #.#
#####>##.###..#.###.####
#.##...............#
########
#.....##..#..#####.#
#....... ####.###..#..#
#.###.##...# #.# #.....#
#........#.. #.# ##.#..#
#.###.###### #.#
#.#..#####.# #.#
#.####.#.@o((..(###.######
#........###.(............
######......>....[..######
################


You could see an orc.

Vanquished Creatures
  An adder (D:2)
  2 dart slugs
  3 orcs (D:2)
  2 ball pythons
  5 bats
  9 endoplasms
  2 giant cockroaches (D:1)
  3 goblins
  3 hobgoblins
  6 jackals
  3 quokkas
  4 frilled lizards
  A kobold (D:1)
  6 rats
50 creatures vanquished.

Notes
Turn   | Place    | Note
-------+----------+-------------------------------------------
     0 | D:1      | Strat the Ghoul Arcane Marksman began the quest for the
                  | Orb.
     0 | D:1      | Reached XP level 1. HP: 16/16 MP: 1/1
    82 | D:1      | Found a faded altar of an unknown god.
   160 | D:1      | Reached skill level 1 in Unarmed Combat
   436 | D:1      | Reached XP level 2. HP: 10/23 MP: 2/2
   455 | D:1      | HP: 1/23 [quokka (5)]
   780 | D:1      | Reached skill level 2 in Unarmed Combat
  1066 | D:1      | Reached XP level 3. HP: 27/29 MP: 3/3
  1610 | D:1      | Found a basalt altar of Yredelemnul.
  1771 | D:2      | Reached skill level 3 in Unarmed Combat
  1912 | D:2      | Reached XP level 4. HP: 28/37 MP: 4/4
  2604 | D:2      | Slain by an orc

Illustrated notes

Levels and vault maps discovered:
D:1:      dpeg_arrival_water_altar, layout_loops_ring, basic_ecumenical_altar
D:2:      layout_loops_ring
D:3:      layout_rooms, kennysheep_cluttered_room, kennysheep_potato

Skill      XL: |  1  2  3 |
---------------+----------+-----
Unarmed Combat | 1 2 3 |  3.3
Fighting       | 2 |  2.5
Throwing       | |  1.7
Dodging        | |  1.7
Spellcasting   | |  1.0
Hexes          | |  2.4

Action                   |  1- 3 |  4- 6 || total
-------------------------+-------+-------++-------
Melee: Unarmed           |   145 |    49 ||   194
       Punch             |       |     1 ||     1
 Fire: Hunting sling     |       |    11 ||    11
Armor: Robe              |    21 |       ||    21
       Fire dragon scale |    12 |    31 ||    43
       Scale mail        |     4 |       ||     4
Dodge: Dodged            |    64 |    28 ||    92
